 Dungeon Crawl Stone Soup version 0.21.0-3-g78d12a8 (webtiles) character file.

16646 Suckerboh the Basher (level 12, -6/73 HPs)
             Began as a Gargoyle Gladiator on Jan 10, 2018.
             Was a High Priest of Zin.
             Killed from afar by an ice statue (18 damage)
             ... with a bolt of cold
             ... in an ice cave.
             The game lasted 00:29:13 (13473 turns).

Suckerboh the Basher (Gargoyle Gladiator)          Turns: 13473, Time: 00:29:13

Health: -6/73      AC: 27    Str: 20    XL:     12   Next: 39%
Magic:  12/12      EV:  9    Int: 12    God:    Zin [*****.]
Gold:   664        SH:  0    Dex: 15    Spells: 11/11 levels left

rFire    . . .     SeeInvis .   a - +2 flail (protect)
rCold    + . .     Gourm    .   H - +0 shield
rNeg     + . .     Faith    .   v - +1 chain mail {rC+}
rPois    ∞         Spirit   .   c - +0 helmet
rElec    +         Reflect  .   (no cloak)
rCorr    .         Harm     .   X - +0 pair of gloves
MR       .....                  G - +2 pair of boots
Stlth    ..........             (no amulet)
HPRegen  0.22/turn              i - +4 ring of intelligence
MPRegen  0.13/turn              (no ring)

@: confused
A: negative energy resistance 1, electricity resistance, unbreathing,
petrification resistance, rot immunity, AC +8
a: Recite, Vitalisation, Imprison, Sanctuary, Donate Gold, Renounce Religion


You were in an ice cave.
You worshipped Zin.
Zin was extremely pleased with you.
You were not hungry.

You visited 4 branches of the dungeon, and saw 13 of its levels.
You also visited: Ice Cave.

You collected 737 gold pieces.
You donated 73 gold pieces to Zin.

Inventory:

Hand Weapons
 a - a +2 flail of protection (weapon)
 u - a +0 flail of holy wrath
 E - a +4 dire flail of venom
 U - a +3 morningstar of freezing
Missiles
 d - a throwing net (quivered)
Armour
 c - a +0 helmet (worn)
 v - a +1 chain mail of cold resistance (worn)
 D - a +0 scale mail of fire resistance
 G - a +2 pair of boots (worn)
 H - a +0 shield (worn)
 X - a +0 pair of gloves (worn)
Jewellery
 b - an uncursed amulet of faith {unknown}
 i - a +4 ring of intelligence (left hand)
 r - an uncursed amulet of rage {unknown}
 w - the ring of Wonder {MR+ Int+2 Dex+2, unknown}
   (You found it on level 4 of the Dungeon)

   [ring of intelligence]

   It affects your intelligence (+2).
   It affects your dexterity (+2).
   It affects your resistance to hostile enchantments.
 y - a cursed ring of loudness {unknown}
 B - an uncursed ring of magical power {unknown}
 L - an uncursed ring of positive energy {unknown}
Wands
 C - a wand of flame (59)
 K - a wand of paralysis (11)
 T - a wand of digging (9)
Scrolls
 e - a scroll of enchant armour {unknown}
 k - 10 scrolls of identify {unknown}
 o - 4 scrolls of remove curse {unknown}
 q - 6 scrolls of teleportation {unknown}
 t - a scroll of enchant weapon {unknown}
 x - a scroll of summoning {unknown}
 z - 3 scrolls of amnesia {unknown}
 A - 2 scrolls of magic mapping {unknown}
 F - 3 scrolls of immolation {unknown}
 I - a scroll of holy word {unknown}
 J - 2 scrolls of blinking {unknown}
 P - 3 scrolls of noise {unknown}
 Z - a scroll of random uselessness {unknown}
Potions
 h - 2 potions of curing {unknown}
 j - 2 potions of flight {unknown}
 l - 2 potions of lignification {unknown}
 m - 2 potions of agility {unknown}
 n - 5 potions of might
 p - a potion of brilliance {unknown}
 s - 2 potions of heal wounds {unknown}
 M - a potion of haste
 S - 2 potions of cancellation {unknown}
 W - 2 potions of degeneration {unknown}
Books
 N - Sif Muna's Papyrus of Necromancy and Augmentations
   (You found it on level 6 of the Dungeon)

   Spells                             Type                      Level
   a - Infusion                       Charms                       1
   b - Swiftness                      Charms/Air                   2
   c - Corpse Rot                     Necromancy                   2
   d - Ozocubu's Armour               Charms/Ice                   3
   e - Bolt of Draining               Conjuration/Necromancy       5
   f - Agony                          Necromancy                   5
 O - a book of Maledictions

   Spells                             Type                      Level
   a - Corona                         Hexes                        1
   b - Ensorcelled Hibernation        Hexes/Ice                    2
   c - Confuse                        Hexes                        3
   d - Tukima's Dance                 Hexes                        3
   e - Dazzling Spray                 Conjuration/Hexes            3
 R - Sif Muna's Incunabulum of Envenoming
   (You found it on level 7 of the Dungeon)

   Spells                             Type                      Level
   a - Poisonous Vapours              Poison/Air                   2
   b - Mephitic Cloud                 Conjuration/Poison/Air       3
   c - Ignite Poison                  Fire/Transmutation/Poison    3
   d - Alistair's Intoxication        Transmutation/Poison         5
 V - a book of Cantrips

   Spells                             Type                      Level
   a - Confusing Touch                Hexes                        1
   b - Animate Skeleton               Necromancy                   1
   c - Summon Small Mammal            Summoning                    1
   d - Apportation                    Translocation                1
Comestibles
 f - 16 rations


   Skills:
 + Level 8.1 Fighting
 - Level 14.0 Maces & Flails
 - Level 1.7 Throwing
 * Level 9.7 Armour
 + Level 4.2 Dodging
 * Level 7.8 Shields


You had 11 spell levels left.
You didn't know any spells.

Dungeon Overview and Level Annotations

Branches:
Dungeon (9/15)             Temple (1/1) D:4            Lair (2/6) D:8
    Orc (1/2) D:9
  Swamp: Lair:2-4    Shoals: Lair:2-4     Snake: Lair:2-4    Spider: Lair:2-4

Altars:
Ashenzari
Cheibriados
Elyvilon
Fedhas
Gozag
Hepliaklqana
Kikubaaqudgha
Makhleb
Qazlal
Vehumet
Wu Jian
Yredelemnul
Zin
The Shining One

Shops:
D:9 (

Annotations:
D:2 exclusion: oklob plant IceCv exclusion: 2 ice statues


Innate Abilities, Weirdness & Mutations

You are resistant to torment.
Your stone body is resilient. (AC +8)
You are immune to poison.
You resist negative energy. (rN+)
You are resistant to electric shocks. (rElec)
You can survive without breathing.
You are immune to petrification.
You are immune to rotting.


Message History

The freezing blast misses you. The ice beast barely misses you.
You closely miss the ice beast.
You are engulfed in freezing vapours.
You resist.
* * * LOW HITPOINT WARNING * * *
The ice beast hits you but does no damage.
You block the ice beast's attack.
Unknown command.
You are engulfed in freezing vapours.
You resist.
* * * LOW HITPOINT WARNING * * *
The ice beast hits you but does no damage.
Unknown command.
You are confused.
You feel invigorated.
You are engulfed in freezing vapours.
You resist.
* * * LOW HITPOINT WARNING * * *
The ice beast hits you but does no damage. x3
The ice statue gestures at you.
The bolt of cold hits the ice beast.
The ice beast completely resists.
The bolt of cold hits the ice beast.
The ice beast completely resists.
The bolt of cold hits you! You resist.
You die...

#...........##
#.8..8.......#
#?.$.........#
#.=.!....©.∩.#
#%.%§§§..†...#
#.8.§8§......#
#...YY§§....##
#...§YY§...##
##..§Y@§..##
###.Y.####
#####


You could see 2 ice statues and 6 ice beasts.

Vanquished Creatures
  3 hydras (Lair:1)
  Erica (D:8)
  5 two-headed ogres
  The ghost of Amaterasu the Grappler, a novice GrMo of Wu Jian (D:7)
  The ghost of Thaneod the Spear-Bearer, a novice GrCK of Xom (D:8)
  The ghost of AdmiralAndromeda the Slinger, a novice DDHu of Makhleb (D:6)
  2 ugly things (IceCv)
  Joseph (D:8)
  Prince Ribbit (D:8)
  2 hippogriffs (D:7)
  Sigmund (D:4)
  A basilisk (Lair:2)
  11 yaks
  A hungry ghost (D:7)
  Edmund (D:4)
  Menkaure (D:7)
  2 soldier ants (D:9)
  2 water moccasins (Lair:1)
  3 orc warriors
  6 ice beasts (IceCv)
  4 sky beasts
  2 black bears
  2 ogres (D:9)
  4 centaurs
  3 phantoms
  2 crocodiles
  4 bullfrogs
  2 wyvern zombies
  A gnoll sergeant (D:5)
  3 scorpions
  5 howler monkeys
  14 wights
  An electric eel (D:9)
  4 crimson imps
  5 orc priests
  A jelly (D:6)
  8 hounds
  4 orc wizards
  Jessica (D:2)
  Terence (D:3)
  2 iguanas (D:8)
  7 worker ants
  A worker ant zombie (D:7)
  Robin (D:2)
  5 gnolls (D:5)
  12 adders
  4 shadow imps
  12 white imps (Lair:2)
  An adder zombie (D:6)
  2 adder skeletons
  4 worms
  A dart slug (D:1)
  10 leopard geckos
  32 orcs
  9 bats
  5 giant cockroaches
  15 goblins
  12 hobgoblins
  14 jackals
  9 kobolds
  4 quokkas
  6 frilled lizards
  A jackal skeleton (D:8)
  13 rats
  A butterfly (Lair:1)
301 creatures vanquished.

Notes
Turn   | Place    | Note
-------+----------+-------------------------------------------
     0 | D:1      | Suckerboh the Gargoyle Gladiator began the quest for the Orb.
     0 | D:1      | Reached XP level 1. HP: 12/12 MP: 1/1
   194 | D:1      | Reached XP level 2. HP: 18/18 MP: 2/2
   489 | D:1      | Reached XP level 3. HP: 19/22 MP: 3/3
   554 | D:1      | Reached skill level 4 in Maces & Flails
   740 | D:1      | Found a radiant altar of Vehumet.
  1061 | D:2      | Noticed Robin
  1225 | D:2      | Killed Robin
  1225 | D:2      | Reached XP level 4. HP: 25/27 MP: 4/4
  1242 | D:2      | Found a burning altar of Makhleb.
  1307 | D:2      | Found a shattered altar of Ashenzari.
  1307 | D:2      | Found a basalt altar of Yredelemnul.
  1387 | D:2      | Found a blossoming altar of Fedhas.
  1465 | D:2      | Noticed Jessica
  1473 | D:2      | Killed Jessica
  1473 | D:2      | Reached skill level 1 in Armour
  1669 | D:2      | Reached XP level 5. HP: 23/31 MP: 5/5
  1813 | D:2      | Found a blossoming altar of Fedhas.
  1836 | D:2      | Noticed an oklob plant
  1923 | D:2      | Reached skill level 5 in Maces & Flails
  2041 | D:2      | Found an ornate altar of the Wu Jian Council.
  2504 | D:3      | HP: 1/31 [orc priest/divine providence (12)]
  2530 | D:3      | HP: 1/31 [orc/club (3)]
  3026 | D:3      | Noticed Terence
  3042 | D:3      | Killed Terence
  3620 | D:4      | Reached XP level 6. HP: 36/36 MP: 6/6
  3669 | D:4      | Found a staircase to the Ecumenical Temple.
  3676 | D:4      | Got a heavily runed platinum ring
  3692 | Temple   | Entered the Ecumenical Temple
  3730 | Temple   | Became a worshipper of Zin the Law-Giver
  3730 | Temple   | Reached * piety under Zin
  3763 | D:4      | Found an opulent altar of Gozag.
  3794 | D:4      | Noticed Sigmund
  4204 | D:4      | Killed Sigmund
  4204 | D:4      | Reached skill level 6 in Maces & Flails
  4472 | D:4      | Reached XP level 7. HP: 32/41 MP: 7/7
  4831 | D:4      | Noticed Edmund
  4845 | D:4      | Killed Edmund
  4845 | D:4      | Reached skill level 7 in Maces & Flails
  5204 | D:5      | Entered Level 5 of the Dungeon
  5364 | D:5      | Noticed a two-headed ogre
  5381 | D:5      | Killed a two-headed ogre
  5381 | D:5      | Reached skill level 9 in Maces & Flails
  5381 | D:5      | Reached XP level 8. HP: 18/48 MP: 8/8
  6012 | D:5      | Reached ** piety under Zin
  6039 | D:5      | Found an ancient bone altar of Kikubaaqudgha.
  6225 | D:6      | Noticed AdmiralAndromeda's ghost (novice DDHu)
  6275 | D:6      | Killed AdmiralAndromeda's ghost
  6275 | D:6      | Reached skill level 10 in Maces & Flails
  6275 | D:6      | Reached XP level 9. HP: 34/52 MP: 9/9
  6900 | D:6      | Identified Sif Muna's Papyrus of Necromancy and Augmentations
  7066 | D:7      | Reached skill level 11 in Maces & Flails
  7068 | D:7      | Noticed Amaterasu's ghost (novice GrMo)
  7394 | D:7      | Reached skill level 5 in Fighting
  7424 | D:7      | Found a glowing golden altar of the Shining One.
  7856 | D:7      | Reached skill level 5 in Armour
  8033 | D:7      | Reached XP level 10. HP: 49/59 MP: 10/10
  8078 | D:7      | Reached *** piety under Zin
  8139 | D:7      | Reached skill level 12 in Maces & Flails
  8216 | D:7      | Noticed Menkaure
  8228 | D:7      | Killed Menkaure
  8701 | D:7      | Identified Sif Muna's Incunabulum of Envenoming
  9005 | D:7      | Killed Amaterasu's ghost
  9005 | D:7      | Reached skill level 1 in Shields
  9158 | D:8      | Noticed a two-headed ogre
  9168 | D:8      | Killed a two-headed ogre
  9188 | D:8      | Noticed Joseph
  9217 | D:8      | Killed Joseph
  9282 | D:8      | Noticed Erica
  9414 | D:8      | Noticed Thaneod's ghost (novice GrCK)
  9564 | D:8      | Reached skill level 13 in Maces & Flails
  9595 | D:8      | Killed Thaneod's ghost
  9698 | D:8      | Found a snail-covered altar of Cheibriados.
  9858 | D:8      | Reached XP level 11. HP: 64/64 MP: 11/11
  9910 | D:8      | Noticed Prince Ribbit
  9920 | D:8      | Killed Prince Ribbit
 10030 | D:8      | Killed Erica
 10032 | D:8      | Reached **** piety under Zin
 10037 | D:8      | Found a staircase to the Lair.
 10266 | D:9      | Noticed a two-headed ogre
 10292 | D:9      | Killed a two-headed ogre
 10484 | D:9      | Found a hazy altar of Hepliaklqana.
 10762 | D:9      | Found Moalleug's Weapon Boutique.
 10764 | D:9      | Found a staircase to the Orcish Mines.
 10774 | D:9      | Reached skill level 14 in Maces & Flails
 10853 | D:9      | Reached ***** piety under Zin
 10944 | D:9      | Found a stormy altar of Qazlal.
 11006 | D:9      | Noticed a two-headed ogre
 11031 | D:9      | Killed a two-headed ogre
 11031 | D:9      | Reached skill level 5 in Shields
 11437 | D:9      | Noticed a two-headed ogre
 11449 | D:9      | Killed a two-headed ogre
 11507 | Orc:1    | Entered Level 1 of the Orcish Mines
 11507 | Orc:1    | Noticed an orc knight
 11609 | Lair:1   | Entered Level 1 of the Lair of Beasts
 11689 | Lair:1   | Noticed a four-headed hydra
 11713 | Lair:1   | Killed a four-headed hydra
 11939 | Lair:1   | Noticed a four-headed hydra
 11964 | Lair:1   | Killed a four-headed hydra
 11964 | Lair:1   | Reached XP level 12. HP: 42/73 MP: 12/12
 12190 | Lair:1   | Noticed a seven-headed hydra
 12202 | Lair:1   | Killed a seven-headed hydra
 13321 | Lair:2   | Found a frozen archway.
 13336 | IceCv    | Entered an ice cave
 13397 | IceCv    | Found a transporter.
 13473 | IceCv    | Killed from afar by an ice statue

Skill      XL: |  1  2  3  4  5  6  7  8  9 10 11 12 |
---------------+-------------------------------------+-----
Maces & Flails | 4 5 6 9 10 11 13 14 | 14.0
Armour         | 1 2 4 5 6 8 9 |  9.7
Fighting       | 3 4 5 6 7 8 |  8.1
Dodging        | 3 4 |  4.2
Shields        | 2 6 7 |  7.8
Throwing       | |  1.7

Action                   |  1- 3 |  4- 6 |  7- 9 | 10-12 || total
-------------------------+-------+-------+-------+-------++-------
Melee: Flail             |   164 |   188 |   386 |   806 ||  1544
Throw: Throwing net      |       |       |     2 |     1 ||     3
  Use: Potion            |       |       |       |     3 ||     3
  Eat: Chunk             |     1 |     9 |    10 |    13 ||    33
       Ration            |       |     1 |     1 |     2 ||     4
Armor: Leather armour    |    73 |    35 |       |       ||   108
       Chain mail        |       |    71 |   251 |   477 ||   799
Dodge: Dodged            |   140 |   103 |   142 |   190 ||   575
Block: Shield            |       |       |       |   278 ||   278
